Map: Heavy Artillery LE

Players

Basschimp - Winner!

  • Race: Zerg Zerg
  • Spawn Location: 7:00

Mackerel - Winner!

  • Race: Terran Terran
  • Spawn Location: 7:00

qqq

  • Race: Zerg Zerg
  • Spawn Location: 1:00

Massa

  • Race: Terran Terran
  • League: Platinum
  • Spawn Location: 3:00

VOD

Have the link to the VOD?

Description

Time

  • Played on: Oct. 31, 2020, 7:38 a.m.
  • Length: 10:15
Show
View Real Time Build Order
Export as new Build Order

Basschimp Zerg - Winner!

Build Orders: Hatch First 

Get SALT Encoding   

  12  0:00  Drone  
  13  0:08  Drone  
  14  0:17  Overlord  
  14  0:35  Drone  
  14  0:36  Drone x2  
  17  0:53  Hatchery  
  16  0:58  Drone  
  16  0:59  Drone  
  16  1:04  Extractor  
  17  1:17  Spawning Pool  
  16  1:19  Drone  
  17  1:26  Drone  
  17  1:31  Drone  
  19  1:42  Drone  
  19  1:44  Extractor  
  19  1:57  Drone  
  20  2:05  Queen  
  22  2:11  Drone, Roach Warren  
  22  2:16  Zergling x4  
  24  2:28  Drone x2, Queen  
  28  2:37  Overlord  
  28  2:58  Drone x2  
  30  3:04  Spore Crawler  
  30  3:10  Roach x3  
  30  3:11  Overlord  
  36  3:17  Metabolic Boost  
  36  3:23  Overlord  
  36  3:37  Roach x4  
  36  3:38  Overlord  
  44  3:52  Ravager  
  44  3:53  Ravager x2  
  44  3:55  Zergling x4  
  48  3:56  Zergling x10  
  54  4:09  Baneling Nest  
  53  4:10  Drone  
  53  4:11  Drone  
  55  4:33  Overlord  
  55  4:34  Drone x4  
  59  4:41  Drone  
  59  4:42  Overlord  
  53  5:02  Ravager  
  53  5:03  Ravager x3  
  53  5:04  Zergling x2  
  53  5:05  Zergling x10  
  63  5:14  Hatchery  
  48  6:01  Zergling x2  
  48  6:02  Zergling x16  
  57  6:14  Zergling x4  
  59  6:47  Roach x2  
  59  6:48  Roach x7  
  59  6:52  Lair  
  59  6:54  Queen  
  79  7:06  Hatchery  
  74  7:26  Zergling x2  
  74  7:27  Baneling  
  74  7:28  Baneling x10, Zergling x2  
  74  7:29  Zergling x14  
  74  7:52  Ravager x4  
  74  7:54  Zergling x6  
  74  7:55  Zergling x2  
  82  8:03  Glial Reconstitution  
  82  8:07  Overseer  
  60  8:59  Roach x3  
  60  9:00  Roach x8  
  71  9:18  Roach  
  71  9:19  Roach x3  
  76  9:33  Queen  
  76  9:35  Roach x4  
  76  9:37  Zergling x4  
Show
View Real Time Build Order
Export as new Build Order

Mackerel Terran - Winner!

Build Orders: Reaper Expand 

Get SALT Encoding   

  12  0:00  SCV  
  13  0:12  SCV  
  14  0:18  Supply Depot  
  14  0:25  SCV  
  15  0:40  SCV  
  15  0:42  Barracks  
  16  0:46  Refinery  
  16  0:54  SCV  
  17  1:06  SCV  
  18  1:23  SCV  
  19  1:42  Command Center  
  19  1:46  Reaper  
  20  1:50  Orbital Command  
  20  2:06  Supply Depot  
  20  2:10  Barracks  
  20  2:16  SCV  
  20  2:21  Marine  
  21  2:33  Factory  
  21  2:36  Refinery  
  21  2:38  SCV  
  22  2:48  Barracks Reactor  
  22  2:50  Refinery  
  22  2:54  SCV  
  23  3:04  Barracks Tech Lab  
  23  3:11  SCV  
  24  3:15  Orbital Command  
  24  3:23  SCV, Engineering Bay  
  24  3:26  Starport  
  25  3:33  Factory Tech Lab  
  25  3:36  SCV  
  25  3:39  Combat Shield  
  25  3:40  Marine  
  27  3:42  Marine  
  28  3:49  SCV  
  28  3:53  SCV  
  30  4:00  Engineering Bay  
  30  4:01  SCV, Marine  
  30  4:02  Marine  
  33  4:07  Terran Infantry Weapons Level 1  
  33  4:12  SCV  
  33  4:13  SCV, Starport Reactor  
  35  4:18  Marine  
  35  4:19  Marine  
  37  4:26  SCV x2  
  37  4:29  Supply Depot  
  39  4:31  Terran Infantry Armor Level 1  
  39  4:36  Marine  
  40  4:38  Supply Depot  
  40  4:39  Marine  
  40  4:43  SCV x2  
  43  4:47  Marine  
  44  4:55  SCV  
  44  4:59  Marine  
  46  5:04  Liberator x2  
  52  5:09  SCV  
  52  5:10  Refinery, SCV  
  54  5:21  SCV  
  54  5:22  SCV  
  54  5:25  Supply Depot, Stimpack  
  54  5:27  Marine x2, Siege Tank  
  61  5:33  SCV  
  62  5:36  SCV  
  62  5:49  Marine  
  63  5:54  Supply Depot  
  63  5:55  Supply Depot  
  63  6:13  Marine  
  63  6:14  Marine x2  
  63  6:18  Supply Depot  
  67  6:25  SCV x2  
  67  6:31  Marine x3  
  71  6:37  SCV x2, Liberator x2  
  79  6:47  Siege Tank  
  79  6:49  SCV, Marine x3  
  79  6:50  SCV  
  83  7:11  Marine  
  83  7:12  Marine x2  
  82  7:19  Siege Tank  
  85  7:29  Marine  
  85  7:30  Marine x2  
  87  7:38  Armory, Command Center, Medivac x2  
  87  7:42  Supply Depot  
  91  7:47  Marine x3  
  91  7:49  Barracks  
  91  7:50  Barracks  
  91  7:51  Supply Depot  
  91  8:05  Marine x3  
  92  8:08  Medivac x2  
  98  8:13  SCV x2  
  100  8:23  Marine x2  
  100  8:25  SCV x2  
  104  8:32  Marine  
  105  8:38  Viking x2  
  109  8:47  Marine  
  110  8:50  SCV x2, Marauder, Marine, Siege Tank  
  118  8:59  Supply Depot  
  118  9:00  Supply Depot  
  108  9:10  Marine x2  
  108  9:12  Marauder  
  108  9:24  Supply Depot  
  108  9:25  Supply Depot  
  108  9:27  Marine  
  108  9:28  Marine  
  107  9:32  Marine  
  108  9:45  Marine  
  108  9:46  Marine  
  108  9:50  Marine  
  104  10:06  Barracks Reactor  
  106  10:07  Barracks Tech Lab  
Show
View Real Time Build Order
Export as new Build Order

qqq Zerg 

Build Orders: Hatch First 

Get SALT Encoding   

  12  0:01  Drone  
  13  0:08  Drone  
  14  0:36  Hatchery  
  13  0:45  Drone  
  14  0:58  Spawning Pool  
  13  1:31  Drone  
  13  1:32  Overlord  
  14  1:36  Extractor  
  14  1:37  Drone  
  14  1:46  Extractor  
  13  1:49  Queen  
  13  1:50  Queen  
  13  1:52  Drone  
  18  1:55  Drone  
  18  2:00  Zergling x2  
  20  2:09  Drone  
  20  2:12  Drone  
  20  2:13  Drone  
  23  2:18  Drone  
  23  2:21  Drone  
  25  2:32  Drone  
  25  2:33  Drone  
  27  2:37  Drone  
  27  2:42  Overlord  
  28  2:45  Metabolic Boost  
  28  2:53  Overlord  
  28  3:00  Zergling x4  
  28  3:01  Zergling x2  
  28  3:02  Zergling x2  
  32  3:07  Drone  
  32  3:09  Zergling x2  
  32  3:12  Overlord  
  34  3:17  Zergling x4  
  36  3:21  Zergling x2  
  37  3:27  Overlord  
  37  3:39  Drone  
  37  3:40  Lair  
  37  3:41  Drone x2  
  40  3:44  Drone  
  40  3:46  Zergling x2  
  42  3:53  Drone x2  
  44  3:56  Zergling x2  
  44  3:57  Zergling x2  
  44  4:00  Drone  
  47  4:04  Zergling x2  
  48  4:20  Drone  
  49  4:26  Hatchery, Overlord  
  49  4:27  Zergling x6  
  49  4:29  Drone x2  
  49  4:31  Drone  
  46  4:57  Zergling x4  
  46  4:58  Drone, Zergling x4  
  46  5:07  Infestation Pit  
  46  5:11  Zergling x2  
  46  5:12  Zergling x2  
  46  5:13  Zergling x2  
  48  5:21  Zergling x4  
  50  5:36  Zergling x4  
  52  5:49  Zergling x6  
  49  5:51  Zergling x10  
  49  5:57  Queen, Evolution Chamber  
  49  5:58  Evolution Chamber  
  49  5:59  Zergling x4  
  49  6:10  Hive  
  49  6:11  Zergling x8  
  53  6:12  Zergling x12  
  59  6:24  Zergling x6  
  62  6:28  Spine Crawler  
  62  6:29  Spine Crawler  
  62  6:31  Spine Crawler x2  
  62  6:32  Spine Crawler x2  
  56  6:33  Spine Crawler  
  56  6:34  Spine Crawler x2  
  56  6:35  Drone, Zergling x2  
  56  6:36  Zergling x2  
  56  6:37  Zergling x6  
  59  6:59  Spore Crawler  
  58  7:02  Spore Crawler  
  29  7:17  Zergling x4  
  29  7:18  Zergling x6  
  29  7:19  Zergling x6  
  32  7:34  Drone  
  32  7:35  Drone x3  
  32  7:36  Zergling x4  
  35  7:53  Drone  
  35  7:54  Drone x4  
  40  7:59  Ultralisk Cavern, Zerg Ground Armor Level 1  
  40  8:00  Zerg Melee Weapons Level 1  
  39  8:08  Zergling x2  
  39  8:09  Spine Crawler  
  39  8:10  Zergling x2  
  39  8:12  Drone  
  41  8:17  Drone x2  
  43  8:31  Zergling x6  
  37  8:41  Zergling x4  
  37  8:42  Zergling x6  
  37  8:46  Spine Crawler  
  41  8:53  Zergling x4  
  41  8:54  Ultralisk  
  46  9:08  Zergling x2  
  45  9:10  Zergling x2  
  46  9:28  Extractor  
  45  9:32  Extractor  
  44  9:40  Extractor  
Show
View Real Time Build Order
Export as new Build Order

Massa Terran 

Build Orders: Gas First Reaper Expand 

Get SALT Encoding   

  12  0:00  SCV  
  13  0:12  SCV  
  14  0:24  SCV  
  14  0:25  Supply Depot  
  15  0:32  Refinery  
  15  0:47  SCV, Barracks  
  16  0:59  SCV  
  17  1:11  SCV  
  18  1:23  SCV  
  19  1:37  Command Center  
  19  1:39  Reaper  
  20  1:46  Supply Depot  
  21  1:47  SCV  
  21  1:59  Orbital Command  
  21  2:11  Marine  
  21  2:13  Factory  
  22  2:26  SCV  
  23  2:34  Barracks Reactor  
  23  2:38  SCV  
  24  2:44  Supply Depot  
  24  3:14  Supply Depot  
  24  3:15  Marine x2, Supply Depot  
  24  3:17  Factory Tech Lab  
  24  3:19  Orbital Command  
  26  3:20  SCV  
  27  3:32  SCV  
  27  3:33  Marine x2  
  30  3:44  SCV  
  31  3:56  Starport, SCV  
  31  3:58  Refinery, Engineering Bay  
  31  4:01  Siege Tank  
  35  4:05  Supply Depot  
  35  4:06  Marine x2  
  35  4:08  SCV x2  
  39  4:15  Supply Depot  
  39  4:20  SCV, Supply Depot  
  39  4:24  Marine x2  
  41  4:41  Marine  
  41  4:42  Command Center  
  45  4:45  Siege Tank  
  45  4:52  Barracks  
  45  4:54  SCV  
  45  4:55  SCV  
  47  5:01  Missile Turret  
  47  5:04  Missile Turret  
  47  5:05  Starport Tech Lab  
  47  5:07  SCV  
  48  5:21  Marine x2  
  46  5:39  Marine x2  
  36  5:52  Marine  
  36  5:56  Marine  
  36  5:57  Marine  
  37  6:00  Banshee  
  40  6:12  Barracks  
  40  6:13  Barracks  
  40  6:15  Barracks x3  
  40  6:17  Barracks  
  37  6:20  Planetary Fortress  
  36  6:29  Bunker  
  34  6:33  SCV x2, Barracks x3  
  36  6:40  Cloaking Field  
  36  6:42  Banshee  
  36  6:45  SCV x2  
  41  7:12  Marine x6  
  44  7:20  Factory  
  44  7:29  Marine  
  44  7:30  Marine x5  
  44  7:34  Missile Turret  
  50  7:37  Missile Turret  
  50  7:47  Marine  
  50  7:48  Marine x2  
  53  7:57  Supply Depot  
  53  7:58  Supply Depot x3  
  53  8:00  Supply Depot  
  53  8:01  Supply Depot  
  53  8:12  Marine  
  53  8:19  Marine x7  
  57  8:28  Marine  
  57  8:30  Marine  
  59  8:36  Marine x7  
  59  8:39  Viking  
  66  8:45  Marine  
  66  8:48  Marine  
  58  8:54  Marine x2  
  55  9:07  Factory Tech Lab  
  55  9:09  Viking  
  51  9:23  Marine x5  
  51  9:24  Marine x4  
  59  9:39  Viking  
  59  9:41  Marine x6  
  59  9:42  Marine x3  
Tags
 
Add a new tag
Caveats
  • Supply blocks, unpowered buildings, or Contaminate may cause inaccurate times.
  • Supply counts are checked every 10 seconds.